Selects Airborne Battlegroup
Selects Heavy Machine Gun Paradrop
Heavy Machine Gun Paradrop
Heavy Machine Gun Paradrop
Heavy Machine Gun Paradrop
Selects Smoke Bombing Run
Mechanized Support Center
Selects Paratrooper Squad Paradrop
Paratrooper Squad Paradrop
Selects Carpet Bombing Run
M4A1(76) Sherman Medium Tank
Selects Anti-tank Gun Team Paradrop
M4A1(76) Sherman Medium Tank
Anti-tank Gun Team Paradrop
Heavy Machine Gun Paradrop
Heavy Machine Gun Paradrop
M4A1(76) Sherman Medium Tank
Anti-tank Gun Team Paradrop
Heavy Machine Gun Paradrop
M4A1(76) Sherman Medium Tank
M4A1(76) Sherman Medium Tank
M4A1(76) Sherman Medium Tank